 Dungeon Crawl Stone Soup version 0.30-a0-722-g3e6e8c874d (webtiles) character file.

Game seed: 9363560275186015638

178 hbarley the Ducker (level 5, -1/41 HPs)
             Began as a Gnoll Wanderer on Jan 28, 2023.
             Slain by Edmund
             ... wielding a +0 heavy dire flail
              (23 damage)
             ... on level 4 of the Dungeon.
             The game lasted 00:14:00 (2932 turns).

hbarley the Ducker (Gnoll Wanderer)                 Turns: 2932, Time: 00:14:00

Health: -1/41      AC:  5    Str: 14    XL:     5   Next: 58%
Magic:  9/9        EV: 13    Int: 12    God:
Gold:   179        SH:  0    Dex: 10    Spells: 9/10 levels left

rFire   . . .      SeeInvis .    a - +2 hand axe
rCold   . . .      Faith    .    (no shield)
rNeg    . . .      Spirit   .    d - +0 leather armour
rPois   .          Reflect  .    b - +0 helmet
rElec   .          Harm     .    k - +0 cloak
rCorr   .          Rampage  .    (no gloves)
Will    .....                    (no boots)
Stlth   +                        (no amulet)
HPRegen 0.26/turn                (no ring)
MPRegen 0.11/turn                (no ring)

@: no status effects
A: fangs 1, strong nose, distributed training
a: no special abilities


You were on level 4 of the Dungeon.
You visited 1 branch of the dungeon, and saw 4 of its levels.

You collected 179 gold pieces.

Inventory:

Hand Weapons
 a - a +2 hand axe (weapon)
Armour
 b - a +0 helmet (worn)
 d - a +0 leather armour (worn)
 k - a +0 cloak (worn)
 w - a scarf of harm
Magical Staves
 j - a staff of conjuration
 n - a staff of air
Jewellery
 g - an amulet of regeneration
 m - a ring of flight
 t - a +5 ring of evasion
Scrolls
 c - a scroll of silence
 i - 5 scrolls of identify {unknown}
 p - a scroll of teleportation {unknown}
 q - a scroll of torment {unknown}
 r - a scroll of magic mapping {unknown}
 v - a scroll of enchant armour {unknown}
Potions
 e - a potion of haste {unknown}
 f - 2 potions of flight {unknown}
 h - 3 potions of cancellation {unknown}
 l - a potion of curing {unknown}
 o - a potion of magic {unknown}
 s - a potion of heal wounds {unknown}
 u - a potion of invisibility {unknown}


   Skills:
 + Level 3.0 Fighting
 + Level 1.6 Short Blades
 + Level 1.6 Long Blades
 + Level 6.7 Axes
 + Level 1.6 Maces & Flails
 + Level 1.6 Polearms
 + Level 1.6 Staves
 + Level 1.6 Ranged Weapons
 + Level 3.0 Throwing
 + Level 1.6 Armour
 + Level 6.7 Dodging
 + Level 1.6 Stealth
 + Level 1.6 Shields
 + Level 1.6 Unarmed Combat
 + Level 3.2 Spellcasting
 + Level 1.3 Conjurations
 + Level 1.3 Hexes
 + Level 1.3 Summonings
 + Level 1.3 Necromancy
 + Level 1.3 Translocations
 + Level 2.4 Transmutations
 + Level 1.3 Fire Magic
 + Level 1.3 Ice Magic
 + Level 1.3 Air Magic
 + Level 1.3 Earth Magic
 + Level 1.3 Poison Magic
 + Level 1.8 Invocations
 + Level 1.6 Evocations


You had 9 spell levels left.
You knew the following spells:

 Your Spells              Type           Power      Damage    Failure   Level
a - Beastly Appendage     Tmut           14%        N/A       11%         1

Your spell library contained the following spells:

 Spells                   Type           Power      Damage    Failure   Level
 Ignite Poison            Fire/Tmut/Pois 6%         N/A       41%         3


Dungeon Overview and Level Annotations

Branches:
Dungeon (4/15)
 Temple: D:4-7

Altars:
Gozag
Hepliaklqana
Nemelex Xobeh

Annotations:
D:3 1 runed translucent door, GilGalad's ghost, novice GnFi
D:4 Edmund; Ijyb


Innate Abilities, Weirdness & Mutations

You have very sharp teeth.
Your uncanny sense of smell can sniff out nearby items.
Your experience applies equally to all skills.


Message History

The goblin closely misses you.
You hit the goblin.
You kill the goblin!
You see here a +0 dagger.
You now have 170 gold pieces (gained 13).
You hear the slow hiss of a distant avalanche of sand.
You now have 179 gold pieces (gained 9).
A hobgoblin comes into view.
The hobgoblin shouts!
You hear a shout!
Found a short sword.
You hit the hobgoblin.
The hobgoblin is almost dead.
The hobgoblin hits you but does no damage.
You closely miss the hobgoblin.
The hobgoblin is almost dead.
The hobgoblin completely misses you.
You hit the hobgoblin.
You kill the hobgoblin!
A hobgoblin comes into view.
The hobgoblin completely misses you.
You slash the hobgoblin!
You kill the hobgoblin!
Edmund the Younger comes into view.
He is wielding a +0 heavy dire flail.
Ijyb the Twisted Goblin comes into view.
She is wielding a +0 dagger and carrying a wand of roots (9).
Ijyb shouts!
Edmund hits you with a +0 heavy dire flail!
You hit Edmund. Your bite misses Edmund.
Edmund is lightly wounded.
A kobold comes into view. It is wielding a +0 short sword.
You closely miss Edmund.
Edmund is lightly wounded.
Edmund hits you with a +0 heavy dire flail!
An endoplasm comes into view.
The endoplasm quivers.
You hit Edmund. Your bite misses Edmund.
Edmund is lightly wounded.
You hit Ijyb but do no damage. Ijyb hits you with a +0 dagger.
Edmund hits you with a +0 heavy dire flail!!
Ouch! That really hurt!
You die...

.....##
+......##..#.#........##
....#.###.......##...........##
...##..# ..............##....#
..###...#....................#
.##
+..........................# ..
#...#..............#......## .
#..##...##.........#....### .
#.## ................#..# .##
...##..@........#...# . #
#...@g............
#................
....)............##
................
.....K........##
.......J.....## ..............


You could see Edmund, Ijyb, an endoplasm and a kobold.

Vanquished Creatures
  A hound (D:4)
  Natasha (D:3)
  An orc wizard (D:3)
  A gnoll (D:1)
  An adder (D:3)
  A worm (D:3)
  6 orcs (D:3)
  5 ball pythons
  7 endoplasms
  5 giant cockroaches
  7 goblins
  7 hobgoblins
  3 jackals (D:2)
  2 quokkas
  8 bats
  2 frilled lizards
  A kobold (D:4)
  6 rats
65 creatures vanquished.

Vanquished Creatures (others)
  A plant (D:3)
1 creature vanquished.

Grand Total: 66 creatures vanquished

Notes
Turn   | Place    | Note
-------+----------+-------------------------------------------
     0 | D:1      | hbarley the Gnoll Wanderer began the quest for the Orb.
     0 | D:1      | hbarley set off with the following items: a +2 hand axe, a
                  | +0 helmet, a scroll of silence, a +0 leather armour; and
                  | the following spell memorised: Beastly Appendage; and the
                  | following spells available to memorise: Ignite Poison.
     0 | D:1      | Reached XP level 1. HP: 17/17 MP: 4/4
   334 | D:1      | Reached XP level 2. HP: 23/23 MP: 5/5
   380 | D:1      | Found a faded altar of an unknown god.
   699 | D:1      | Reached XP level 3. HP: 19/28 MP: 7/7
  1084 | D:2      | Reached skill level 1 in Invocations
  1412 | D:2      | Reached skill level 1 in Short Blades
  1412 | D:2      | Reached skill level 1 in Long Blades
  1412 | D:2      | Reached skill level 1 in Maces & Flails
  1412 | D:2      | Reached skill level 1 in Polearms
  1412 | D:2      | Reached skill level 1 in Staves
  1412 | D:2      | Reached skill level 1 in Ranged Weapons
  1412 | D:2      | Reached skill level 1 in Armour
  1412 | D:2      | Reached skill level 1 in Stealth
  1412 | D:2      | Reached skill level 1 in Shields
  1412 | D:2      | Reached skill level 1 in Unarmed Combat
  1412 | D:2      | Reached skill level 1 in Evocations
  1889 | D:3      | Reached XP level 4. HP: 34/34 MP: 8/8
  1891 | D:3      | Found a hazy altar of Hepliaklqana.
  2316 | D:3      | Found a runed translucent door.
  2319 | D:3      | Noticed GilGalad's ghost (novice GnFi)
  2353 | D:3      | Found a sparkling altar of Nemelex Xobeh.
  2354 | D:3      | Found an opulent altar of Gozag.
  2406 | D:3      | Reached skill level 1 in Conjurations
  2406 | D:3      | Reached skill level 1 in Hexes
  2406 | D:3      | Reached skill level 1 in Summonings
  2406 | D:3      | Reached skill level 1 in Necromancy
  2406 | D:3      | Reached skill level 1 in Translocations
  2406 | D:3      | Reached skill level 1 in Fire Magic
  2406 | D:3      | Reached skill level 1 in Ice Magic
  2406 | D:3      | Reached skill level 1 in Air Magic
  2406 | D:3      | Reached skill level 1 in Earth Magic
  2406 | D:3      | Reached skill level 1 in Poison Magic
  2588 | D:3      | Noticed Natasha
  2596 | D:3      | Killed Natasha
  2597 | D:3      | Reached XP level 5. HP: 28/41 MP: 9/9
  2926 | D:4      | Noticed Edmund
  2927 | D:4      | Noticed Ijyb
  2932 | D:4      | Slain by Edmund

Illustrated notes

Levels and vault maps discovered:
D:1:      reono_arrival_forest_river, layout_loops_corners, serial_glass,
          glass_columns_a, glass_columns_b, glass_columns_a, glass_columns_c,
          glass_columns_b, hellmonk_ecumenical_altar_run_dry, dk_noncrumbling_4,
          chequers_serial_rivers_small_3
D:2:      layout_basic, minmay_misc_feat_tiny
D:3:      layout_basic, mainiacjoe_overflow_small_starburst,
          grunt_temple_overflow_opulence, ebering_ghost_sewer_d,
          minmay_shallow_snake_nest, uniq_natasha
D:4:      layout_cave_pools, nicolae_ossuary_entry_giza, uniq_ijyb, uniq_edmund

Skill      XL: |  1  2  3  4 |
---------------+-------------+-----
Transmutations | 2 |  2.4
Invocations    | 1 |  1.8
Short Blades   | 1 |  1.6
Long Blades    | 1 |  1.6
Maces & Flails | 1 |  1.6
Polearms       | 1 |  1.6
Staves         | 1 |  1.6
Ranged Weapons | 1 |  1.6
Armour         | 1 |  1.6
Stealth        | 1 |  1.6
Shields        | 1 |  1.6
Unarmed Combat | 1 |  1.6
Evocations     | 1 |  1.6
Spellcasting   | 3 |  3.2
Conjurations   | 1 |  1.3
Hexes          | 1 |  1.3
Summonings     | 1 |  1.3
Necromancy     | 1 |  1.3
Translocations | 1 |  1.3
Fire Magic     | 1 |  1.3
Ice Magic      | 1 |  1.3
Air Magic      | 1 |  1.3
Earth Magic    | 1 |  1.3
Poison Magic   | 1 |  1.3
Fighting       | 3 |  3.0
Throwing       | 3 |  3.0
Axes           | |  6.7
Dodging        | |  6.7

Action                     |  1- 3 |  4- 6 || total
---------------------------+-------+-------++-------
  Melee: Hand axe          |   111 |    75 ||   186
         Bite              |     8 |     5 ||    13
         Punch             |     1 |       ||     1
 Armour: Leather armour    |    31 |    20 ||    51
  Dodge: Dodged            |    92 |    55 ||   147

Table legend: (Time is in decaauts)
 A = Elapsed time spent in this place.
 B = Non-inter-level travel time spent in this place.
 C = Inter-level travel time spent in this place.
 D = Time resting spent in this place.
 E = Time spent auto-exploring this place.
 F = Levels seen in this place.
 G = Mean time per level.
                   A        B        C        D        E       F      G
               +--------+--------+--------+--------+--------+-----+--------+
         Total |   2940 |   2684 |    256 |    278 |   1930 |   4 |  735.0 |
       Dungeon |   2940 |   2684 |    256 |    278 |   1930 |   4 |  735.0 |
               +--------+--------+--------+--------+--------+-----+--------+

Top non-repeatable levels by time:
     D:1: 1032 daAuts
     D:3: 1011 daAuts
     D:2: 754 daAuts
     D:4: 142 daAuts
